 Dungeon Crawl Stone Soup version 0.19.5 (webtiles) character file.

4371 ponchio the Thaumaturge (level 10, -2/50 HPs)
             Began as a Deep Elf Conjurer on Nov 16, 2017.
             Was a Believer of Vehumet.
             Slain by a hornet (17 damage)
             ... on level 9 of the Dungeon.
             The game lasted 01:02:21 (13056 turns).

ponchio the Thaumaturge (Deep Elf Conjurer)        Turns: 13056, Time: 01:02:22

Health: -2/50      AC:  6    Str:  5    XL:     10   Next: 13%
Magic:  18/27      EV: 13    Int: 24    God:    Vehumet [**....]
Gold:   410        SH:  0    Dex: 15    Spells: 4 memorised, 18 levels left

rFire  + . .     SeeInvis .     v - +0 demon trident (flame)
rCold  . . .     Gourm    .     a - +0 robe
rNeg   . . .     Faith    .     (no shield)
rPois  .         Spirit   .     p - +2 helmet
rElec  +         Reflect  .     x - +0 cloak
rCorr  .         Harm     .     (no gloves)
MR     +....                    (no boots)
Stlth  ++........               w - amulet of rage
                                (no ring)
                                (no ring)

@: very slightly contaminated
A: talons 1, blink, fire resistance 1, electricity resistance, MP-powered wands
a: Blink, Renounce Religion, Evoke Berserk Rage


You were on level 9 of the Dungeon.
You worshipped Vehumet.
Vehumet was pleased with you.
You were very hungry.

You visited 2 branches of the dungeon, and saw 10 of its levels.
You also visited: Sewer.

You collected 438 gold pieces.
You spent 28 gold pieces at shops.

Inventory:

Hand Weapons
 r - a +7 club
 v - a +0 demon trident of flaming (weapon)
Armour
 a - a +0 robe (worn)
 p - a +2 helmet (worn)
 x - a +0 cloak (worn)
Jewellery
 n - an uncursed ring of ice
 w - an amulet of rage (around neck)
Wands
 m - a wand of iceblast (13/15)
 F - a wand of slowing (12/48)
Scrolls
 f - 2 scrolls of amnesia
 g - a scroll of fear
 q - 3 scrolls of remove curse
 t - 3 scrolls of teleportation
 y - a scroll of recharging
 D - a scroll of magic mapping
Potions
 d - 2 potions of heal wounds
 e - 3 potions of ambrosia
 h - 3 potions of curing
 k - a potion of agility {unknown}
 l - 2 potions of magic
 s - a potion of brilliance {unknown}
 u - a potion of flight {unknown}
 z - 3 potions of haste
 A - 2 potions of might {unknown}
 B - 2 potions of cancellation
 E - 2 potions of lignification {unknown}
Books
 b - a book of Conjurations

   Spells                             Type                      Level
   a - Magic Dart                     Conjuration                  1
   b - Searing Ray                    Conjuration                  2
   c - Dazzling Spray                 Conjuration/Hexes            3
   d - Fulminant Prism                Conjuration/Hexes            4
   e - Iskenderun's Mystic Blast      Conjuration                  4
   f - Iskenderun's Battlesphere      Conjuration/Charms           5
 i - a book of Misfortune

   Spells                             Type                      Level
   a - Confusing Touch                Hexes                        1
   b - Confuse                        Hexes                        3
   c - Gell's Gravitas                Hexes/Translocation          3
   d - Petrify                        Transmutation/Earth          4
   e - Metabolic Englaciation         Hexes/Ice                    5
   f - Yara's Violent Unravelling     Hexes/Transmutation          5
 j - a book of Frost

   Spells                             Type                      Level
   a - Freeze                         Ice                          1
   b - Throw Frost                    Conjuration/Ice              2
   c - Ozocubu's Armour               Charms/Ice                   3
   d - Throw Icicle                   Conjuration/Ice              4
   e - Summon Ice Beast               Ice/Summoning                4
Comestibles
 c - 3 bread rations
 o - 6 meat rations
 G - 3 fruits


   Skills:
 - Level 2.4 Dodging
 - Level 2.4 Stealth
 * Level 11.3 Spellcasting
 * Level 10.9 Conjurations
 + Level 10.9 Charms


You had 18 spell levels left.
You knew the following spells:

 Your Spells              Type           Power        Failure   Level  Hunger
a - Magic Dart            Conj           ####         1%          1    None
b - Dazzling Spray        Conj/Hex       #####.       1%          3    None
c - Iskenderun's Battles  Conj/Chrm      ######..     1%          5    ####...
d - Throw Icicle          Conj/Ice       #####...     6%          4    None


Dungeon Overview and Level Annotations

Branches:
Dungeon (9/15)             Temple (1/1) D:6
   Lair: D:8-11         Orc: D:9-12

Altars:
Ashenzari
Cheibriados
Elyvilon
Fedhas
Hepliaklqana
Kikubaaqudgha
Makhleb
Okawaru
Qazlal
Ru
Sif Muna
Trog
Uskayaw
Vehumet
Xom
Yredelemnul
Zin

Shops:
D:7 *

Annotations:
D:9 Xiguana's ghost, novice VSWz


Innate Abilities, Weirdness & Mutations

You have sharp toenails.
You can translocate small distances at will.
Your flesh is heat resistant. (rF+)
You are resistant to electric shocks. (rElec)
You expend magic power (3 MP) to strengthen your wands.


Message History

* * * LOW HITPOINT WARNING * * *
You feel yourself slow down. The hornet closely misses you.
Evoke which item? (* to show all) (? for menu, Esc to quit)
Okay, then.
Casting: Magic Dart
Confirm with . or Enter, or press ? or * to list all spells.
Aiming: Throw Icicle
Press: ? - help, Shift-Dir - straight line, f - hornet
Aim: a hornet The shard of ice misses the hornet.
The shard of ice hits the centaur.
You kill the centaur!
Vehumet accepts your kill.
You feel your power returning. The hornet barely misses you.
The hornet stings you but does no damage.
Casting: Throw Icicle
Confirm with . or Enter, or press ? or * to list all spells.
You conjure a globe of magical energy.
You feel yourself speed up. The hornet stings you!
You die...

..........##...........#
..........##.....(.....#
......................##
..........####.......##
.........<# ####.####
........[.# #..#
.....(....# #*##
..........# #(#
..........# #@#
..........# #y#
#..#############)# #.#
#.....[..)(# .#
#........5)#
.##.........)#######
...................#
..#........(.......#
#....###...##......#


You could see a hornet, a white imp and a friendly battlesphere.

Vanquished Creatures
  The ghost of Xiguana the Magician, a novice VSWz (D:4)
  Grinder (D:5)
  Sigmund (D:3)
  Eustachio (D:4)
  A hungry ghost (D:8)
  Purgy (Sewer)
  A sky beast (D:5)
  2 phantoms
  3 ice beasts
  4 ogres
  A necrophage (D:3)
  2 centaurs (D:9)
  4 big kobolds
  8 bullfrogs
  2 scorpions
  A wight (D:5)
  2 vampire bats (D:4)
  4 howler monkeys
  2 crimson imps
  2 bullfrog zombies (D:6)
  A centaur zombie (D:6)
  5 jellies
  An orc priest (D:4)
  2 hounds
  2 orc wizards
  Crazy Yiuf (D:3)
  Ijyb (D:2)
  Natasha (thrice) (D:2)
  3 iguanas
  5 worker ants
  2 hound skeletons (D:5)
  11 adders
  7 gnolls
  A howler monkey skeleton (D:5)
  3 shadow imps
  2 oozes
  An adder zombie (D:5)
  2 adder skeletons (D:8)
  3 worms
  2 dart slugs
  5 leopard geckos
  14 orcs
  7 ball pythons
  3 bat skeletons (D:4)
  4 bat zombies (D:4)
  6 giant cockroaches
  12 goblins
  5 hobgoblins
  8 jackals
  3 quokkas
  7 bats
  9 frilled lizards
  24 kobolds
  A leopard gecko skeleton (D:5)
  A leopard gecko zombie (D:8)
  A quokka skeleton (D:6)
  A quokka zombie (D:5)
  7 rats
220 creatures vanquished.

Vanquished Creatures (others)
  A quokka (D:8)
1 creature vanquished.

Grand Total: 221 creatures vanquished

Notes
Turn   | Place    | Note
-------+----------+-------------------------------------------
     0 | D:1      | ponchio the Deep Elf Conjurer began the quest for the Orb.
     0 | D:1      | Reached XP level 1. HP: 10/10 MP: 6/6
   147 | D:1      | Reached skill level 4 in Spellcasting
   147 | D:1      | Reached XP level 2. HP: 15/15 MP: 0/9
  2062 | D:2      | Reached skill level 5 in Spellcasting
  2062 | D:2      | Reached XP level 3. HP: 19/19 MP: 5/11
  2414 | D:2      | Reached XP level 4. HP: 24/24 MP: 8/13
  2427 | D:2      | Reached skill level 6 in Spellcasting
  2587 | D:2      | Noticed Natasha
  2591 | D:2      | Killed Natasha
  2637 | D:2      | Found a snail-covered altar of Cheibriados.
  2678 | D:2      | Noticed Ijyb
  2690 | D:2      | Killed Ijyb
  2690 | D:2      | Reached skill level 7 in Spellcasting
  2690 | D:2      | Reached XP level 5. HP: 10/28 MP: 2/16
  2770 | D:2      | Learned a level 3 spell: Dazzling Spray
  2776 | D:2      | Learned a level 5 spell: Iskenderun's Battlesphere
  3019 | D:2      | Noticed Natasha
  3022 | D:2      | Killed Natasha
  3022 | D:2      | Reached skill level 1 in Charms
  3108 | D:2      | Found a snail-covered altar of Cheibriados.
  3109 | D:2      | Noticed Natasha
  3186 | D:2      | Killed Natasha
  3707 | D:3      | Found a glowing drain.
  3726 | Sewer    | Entered a sewer
  3881 | Sewer    | Noticed Purgy
  3885 | Sewer    | Killed Purgy
  3885 | Sewer    | Reached skill level 5 in Conjurations
  3885 | Sewer    | Reached XP level 6. HP: 14/32 MP: 6/18
  4346 | D:3      | Noticed Sigmund
  4361 | D:3      | Killed Sigmund
  4361 | D:3      | Reached skill level 5 in Charms
  4439 | D:3      | Found a runed door.
  4470 | D:3      | Reached XP level 7. HP: 36/36 MP: 14/19
  4701 | D:3      | Noticed Crazy Yiuf
  4704 | D:3      | Killed Crazy Yiuf
  5672 | D:4      | Noticed Xiguana's ghost (novice VSWz)
  5676 | D:4      | Killed Xiguana's ghost
  5750 | D:4      | Noticed Eustachio
  5819 | D:4      | Reached XP level 8. HP: 41/41 MP: 18/20
  6131 | D:4      | Found a bloodstained altar of Trog.
  6203 | D:4      | Killed Eustachio
  6370 | D:4      | Found an ancient bone altar of Kikubaaqudgha.
  6758 | D:4      | Reached skill level 8 in Spellcasting
  6796 | D:4      | Found a bloodstained altar of Trog.
  6906 | D:4      | Found an ancient bone altar of Kikubaaqudgha.
  6935 | D:5      | Entered Level 5 of the Dungeon
  7102 | D:5      | Noticed Grinder
  7108 | D:5      | Killed Grinder
  7510 | D:5      | Reached skill level 9 in Spellcasting
  7869 | D:5      | Gained mutation: You expend magic power (3 MP) to strengthen your wands. [mutagenic meat]
  7870 | D:5      | Gained mutation: You are resistant to electric shocks. (rElec) [mutagenic meat]
  7871 | D:5      | Gained mutation: Your flesh is heat resistant. (rF+) [mutagenic meat]
  7872 | D:5      | Gained mutation: You have sharp toenails. [mutagenic meat]
  7873 | D:5      | Gained mutation: You can translocate small distances at will. [mutagenic meat]
  7992 | D:5      | Reached XP level 9. HP: 45/45 MP: 17/24
  8836 | D:6      | Found a staircase to the Ecumenical Temple.
  8852 | Temple   | Entered the Ecumenical Temple
  8960 | Temple   | Became a worshipper of Vehumet
  9140 | D:6      | Learned a level 4 spell: Throw Icicle
  9373 | D:6      | Reached * piety under Vehumet
  9373 | D:6      | Offered knowledge of Sting by Vehumet.
  9445 | D:6      | Reached skill level 10 in Charms
  9797 | D:6      | Reached skill level 10 in Conjurations
  9961 | D:6      | Found a staircase to the Ecumenical Temple.
 10608 | D:7      | Reached skill level 10 in Spellcasting
 10958 | D:7      | Found Voefi's General Store.
 10966 | D:7      | Bought a scroll of identify for 28 gold pieces
 11097 | D:7      | Offered knowledge of Shock by Vehumet.
 11614 | D:7      | Found Voefi's General Store.
 11868 | D:8      | Found a white marble altar of Elyvilon.
 11932 | D:8      | Reached ** piety under Vehumet
 12018 | D:8      | Reached skill level 11 in Spellcasting
 12073 | D:8      | Reached XP level 10. HP: 50/50 MP: 17/27
 12421 | D:8      | Found a white marble altar of Elyvilon.
 12960 | D:9      | Found a snail-covered altar of Cheibriados.
 13022 | D:9      | Noticed Xiguana's ghost (novice VSWz)
 13042 | D:9      | Paralysed by a hornet for 3 turns
 13044 | D:9      | HP: 2/50 [centaur (8)]
 13056 | D:9      | Slain by a hornet

Skill      XL: |  1  2  3  4  5  6  7  8  9 |
---------------+----------------------------+-----
Spellcasting   | 4 5 7 9 11 | 11.3
Charms         | 4 6 7 9 10 | 10.9
Conjurations   | 5 7 9 10 | 10.9
Dodging        | |  2.4
Stealth        | |  2.4

Action                   |  1- 3 |  4- 6 |  7- 9 | 10-12 || total
-------------------------+-------+-------+-------+-------++-------
Melee: Club              |       |     1 |     2 |       ||     3
       Dagger            |       |     1 |       |       ||     1
 Cast: Magic Dart        |    55 |   114 |   265 |    30 ||   464
       Dazzling Spray    |       |     4 |    27 |     2 ||    33
       Iskenderun's Batt |       |     2 |    31 |     5 ||    38
       Throw Icicle      |       |       |     1 |     1 ||     2
 Abil: Blink             |       |       |     2 |       ||     2
  Use: Scroll            |       |    10 |    11 |     1 ||    22
       Potion            |       |       |       |     2 ||     2
  Eat: Chunk             |     4 |     7 |    19 |       ||    30
       Beef jerky        |       |       |     3 |     1 ||     4
       Pizza             |       |       |     1 |       ||     1
       Bread ration      |       |       |     2 |       ||     2
       Royal jelly       |       |       |     1 |       ||     1
Armor: Robe              |     2 |     3 |    21 |     5 ||    31
Dodge: Dodged            |     6 |    16 |    37 |    13 ||    72
